Map: Ruins of Seras

Players

Cae - Winner!

  • Race: Protoss Protoss
  • League: Silver

SticklerMac

  • Race: Zerg Zerg
  • League: Silver

VOD

Have the link to the VOD?

Description

Time

  • Played on: Oct. 1, 2015, 2:34 p.m.
  • Length: 18:39
Show
View Real Time Build Order
Export as new Build Order

Cae Protoss - Winner!

Build Orders: Nexus First, Oracle Opening 

Get SALT Encoding   

  12  0:00  Probe (Chrono Boost)  
  13  0:13  Pylon  
  13  0:18  Probe (Chrono Boost)  
  14  0:27  Probe (Chrono Boost)  
  15  0:37  Probe (Chrono Boost)  
  16  0:47  Probe (Chrono Boost)  
  17  1:05  Probe (Chrono Boost), Nexus  
  18  1:17  Gateway  
  18  1:22  Assimilator  
  18  1:24  Probe (Chrono Boost)  
  19  1:34  Probe (Chrono Boost)  
  20  1:44  Probe (Chrono Boost)  
  21  1:52  Assimilator  
  21  1:56  Probe (Chrono Boost)  
  22  2:03  Pylon  
  22  2:05  Cybernetics Core  
  22  2:11  Pylon  
  22  2:25  Probe x2 (Chrono Boost)  
  24  2:35  Probe x2 (Chrono Boost)  
  26  2:43  Warp Gate (Chrono Boost)  
  26  2:48  Zealot  
  26  2:51  Mothership Core (Chrono Boost)  
  29  2:58  Probe (Chrono Boost)  
  30  3:04  Stargate  
  31  3:08  Probe (Chrono Boost)  
  31  3:09  Pylon  
  31  3:11  Gateway  
  32  3:13  Probe (Chrono Boost)  
  32  3:17  Probe (Chrono Boost)  
  36  3:20  Sentry  
  36  3:24  Probe  
  36  3:26  Probe  
  38  3:43  Probe  
  38  3:45  Probe  
  38  3:46  Oracle (Chrono Boost)  
  43  3:57  Zealot  
  43  3:58  Zealot  
  43  4:02  Probe  
  47  4:04  Probe  
  47  4:05  Gateway  
  47  4:07  Gateway  
  47  4:09  Pylon  
  49  4:17  Probe  
  49  4:19  Probe  
  49  4:22  Assimilator  
  51  4:26  Assimilator  
  51  4:28  Pylon  
  51  4:31  Gateway  
  47  5:03  Void Ray (Chrono Boost)  
  51  5:10  Stalker x4  
  59  5:18  Probe  
  59  5:20  Probe  
  61  5:28  Probe  
  61  5:29  Forge  
  61  5:30  Forge  
  61  5:34  Stalker x4  
  61  5:35  Stalker  
  72  5:55  Probe  
  72  5:57  Probe  
  74  6:10  Nexus  
  74  6:13  Assimilator  
  74  6:15  Assimilator  
  74  6:18  Pylon  
  74  6:21  Pylon  
  74  6:53  Probe  
  74  6:55  Probe  
  74  6:56  Zealot  
  74  6:57  Zealot x4  
  86  7:07  Probe  
  83  7:18  Stargate  
  83  7:23  Photon Cannon  
  83  7:25  Photon Cannon  
  83  7:26  Photon Cannon x2  
  83  7:28  Stalker  
  83  7:29  Stalker x4, Protoss Ground Weapons Level 1 (Chrono Boost), Protoss Ground Armor Level 1 (Chrono Boost)  
  93  7:31  Photon Cannon  
  93  7:51  Photon Cannon  
  93  7:53  Photon Cannon  
  93  7:57  Stalker x2  
  97  7:58  Photon Cannon  
  97  8:03  Gateway  
  94  8:22  Phoenix x2  
  98  8:35  Probe  
  98  8:36  Probe  
  98  8:37  Probe  
  101  8:48  Probe  
  101  8:52  Photon Cannon  
  101  8:55  Photon Cannon  
  102  8:59  Photon Cannon  
  102  9:01  Gateway  
  102  9:02  Phoenix x2 (Chrono Boost)  
  106  9:11  Probe  
  106  9:12  Probe x2  
  109  9:27  Twilight Council  
  109  9:29  Pylon  
  109  9:32  Pylon  
  109  9:35  Pylon  
  109  9:37  Fleet Beacon, Pylon  
  109  9:45  Pylon  
  109  9:47  Probe x2 (Chrono Boost), Pylon  
  109  9:50  Pylon  
  109  9:52  Pylon  
  112  9:55  Mothership Core (Chrono Boost)  
  113  10:02  Phoenix  
  113  10:03  Probe (Chrono Boost), Nexus  
  113  10:04  Probe (Chrono Boost)  
  117  10:07  Phoenix  
  117  10:13  Sentry  
  117  10:14  Sentry x3  
  127  10:22  Phoenix  
  127  10:23  Pylon  
  127  10:26  Pylon  
  129  10:31  Pylon  
  129  10:32  Phoenix  
  129  11:23  Phoenix (Chrono Boost)  
  129  11:24  Phoenix (Chrono Boost)  
  129  11:29  Anion Pulse-Crystals (Chrono Boost)  
  131  11:36  Protoss Air Weapons Level 1 (Chrono Boost)  
  131  11:43  Phoenix (Chrono Boost)  
  87  12:27  Phoenix x2  
  73  12:47  Phoenix  
  75  13:09  Phoenix x2  
  73  13:20  Photon Cannon  
  73  13:22  Photon Cannon  
  73  13:25  Photon Cannon  
  73  13:27  Photon Cannon  
  73  13:28  Assimilator  
  73  13:33  Assimilator  
  73  13:38  Gateway  
  73  13:39  Gateway  
  73  13:42  Stalker x5  
  73  13:43  Stalker x2  
  73  13:44  Pylon  
  87  14:17  Void Ray x2  
  87  14:21  Stalker  
  87  14:22  Stalker x4  
  105  14:52  Void Ray x2  
  111  15:26  Protoss Air Weapons Level 2 (Chrono Boost)  
  111  15:27  Void Ray x2  
  109  15:34  Protoss Ground Armor Level 2  
  115  15:54  Pylon  
  115  15:55  Photon Cannon  
  115  16:00  Photon Cannon  
  115  16:03  Photon Cannon  
  115  16:05  Zealot x3  
  115  16:06  Zealot x4, Photon Cannon  
  129  16:14  Void Ray x2  
  129  16:20  Protoss Ground Weapons Level 2  
  129  16:23  Carrier x2  
  133  16:58  Graviton Catapult  
  145  17:16  Stalker x3  
  151  17:22  Nexus  
  151  17:39  Stargate  
  151  17:43  Nexus, Stargate  
  151  17:46  Assimilator  
  151  17:47  Assimilator  
  151  17:49  Pylon, Assimilator  
  141  17:58  Stalker x3  
  141  17:59  Stalker x2  
  141  18:00  Zealot x2  
  141  18:01  Zealot x2  
  159  18:05  Pylon  
  159  18:06  Assimilator  
  159  18:07  Pylon  
  158  18:24  Stalker x3  
  158  18:25  Zealot x4  
  158  18:26  Zealot  
  157  18:35  Stalker  
Show
View Real Time Build Order
Export as new Build Order

SticklerMac Zerg 

Build Orders: Hatch First 

Get SALT Encoding   

  12  0:01  Drone  
  13  0:08  Drone  
  14  0:17  Overlord  
  14  0:39  Drone  
  14  0:40  Drone x2  
  17  0:50  Drone  
  18  1:01  Hatchery, Drone  
  18  1:07  Extractor  
  17  1:13  Drone  
  18  1:21  Spawning Pool  
  18  1:25  Drone  
  18  1:33  Drone  
  19  1:45  Drone  
  20  1:56  Drone  
  21  2:12  Metabolic Boost, Queen  
  21  2:15  Queen  
  25  2:16  Drone x2  
  25  2:17  Drone  
  28  2:45  Overlord x2  
  28  2:59  Overlord x2  
  28  3:05  Drone x3  
  30  3:08  Drone  
  32  3:16  Drone  
  32  3:19  Lair  
  33  3:21  Queen  
  33  3:22  Drone x2  
  33  3:24  Spore Crawler  
  36  3:28  Spore Crawler  
  36  3:29  Spore Crawler x2  
  36  3:30  Drone  
  34  3:41  Zergling x6  
  36  3:44  Drone x2  
  36  3:47  Drone x2  
  41  3:49  Drone  
  41  3:54  Drone x2  
  44  3:56  Drone  
  45  4:21  Overseer  
  45  4:22  Overseer  
  45  4:30  Extractor  
  44  4:32  Extractor x2  
  44  4:33  Drone x5  
  44  4:35  Drone x2  
  44  4:36  Drone x5  
  52  4:38  Drone x2  
  52  4:39  Drone x2  
  52  4:40  Spire  
  54  4:56  Drone  
  51  5:16  Hatchery, Overlord x3  
  50  5:42  Drone x3  
  53  5:43  Drone x6  
  59  5:54  Mutalisk  
  59  5:56  Mutalisk  
  61  5:59  Mutalisk x4  
  71  6:06  Pneumatized Carapace  
  62  6:25  Zergling x2  
  62  6:26  Zergling x12  
  69  6:38  Zergling x2  
  69  6:39  Zergling x14  
  76  6:43  Spine Crawler  
  76  6:44  Mutalisk, Spine Crawler  
  76  6:45  Spine Crawler  
  73  6:48  Spine Crawler  
  72  6:56  Mutalisk x2  
  72  6:57  Spine Crawler  
  72  6:58  Zergling x2  
  76  7:03  Overlord x3  
  74  7:28  Hatchery  
  73  7:36  Hatchery  
  73  7:45  Drone  
  73  7:46  Drone x6  
  74  8:22  Mutalisk  
  74  8:23  Mutalisk x4  
  84  8:40  Extractor  
  83  8:42  Drone x2  
  83  8:44  Extractor  
  83  8:45  Extractor  
  83  8:59  Drone x5  
  88  9:04  Drone  
  89  9:12  Drone x3  
  89  9:14  Mutalisk x3  
  89  9:15  Mutalisk  
  100  9:19  Zerg Flyer Armor Level 1  
  100  9:20  Mutalisk  
  102  9:26  Queen  
  104  9:39  Mutalisk  
  104  9:42  Overlord x4  
  106  9:57  Overlord x3  
  106  10:00  Drone x2  
  106  10:01  Drone x2  
  106  10:03  Drone x3  
  113  10:09  Queen  
  113  10:11  Drone x2  
  117  10:15  Drone  
  117  10:16  Drone  
  120  10:21  Drone  
  120  10:22  Mutalisk  
  122  10:31  Mutalisk  
  122  10:32  Mutalisk  
  122  10:33  Mutalisk  
  128  10:37  Mutalisk x2  
  128  10:38  Mutalisk x2  
  136  10:44  Mutalisk x3  
  136  10:49  Mutalisk  
  142  10:51  Mutalisk  
  142  10:54  Mutalisk  
  142  10:56  Mutalisk  
  150  11:04  Mutalisk  
  150  11:10  Mutalisk  
  154  11:13  Zergling x2  
  154  11:14  Hatchery, Zergling x12  
  154  11:16  Zergling x2  
  159  11:20  Mutalisk  
  159  11:24  Overlord x2  
  159  11:35  Mutalisk  
  161  11:43  Mutalisk  
  161  11:44  Mutalisk x3  
  169  11:58  Zergling x6  
  169  11:59  Zergling x6  
  150  12:09  Mutalisk x3  
  150  12:14  Zergling x2  
  150  12:15  Zergling x2  
  118  12:33  Mutalisk x4  
  120  12:45  Mutalisk x2  
  120  12:46  Mutalisk  
  120  12:47  Zergling x2  
  120  12:48  Zergling x2  
  122  13:00  Corruptor x2  
  126  13:12  Corruptor x2  
  124  13:16  Drone  
  124  13:17  Zergling x18  
  124  13:19  Queen  
  138  13:32  Zergling x2  
  138  13:33  Zergling x12  
  145  13:42  Mutalisk x3  
  145  13:45  Burrow  
  151  13:52  Corruptor x2  
  147  14:03  Corruptor x2  
  136  14:20  Corruptor x2  
  136  14:36  Corruptor x2  
  137  14:55  Corruptor x3  
  143  15:00  Zergling x6  
  143  15:01  Zergling x34  
  143  15:02  Zergling x16  
  153  15:42  Corruptor x3  
  143  15:43  Corruptor x3  
  143  15:46  Zergling x2  
  143  15:47  Zergling x10  
  143  15:48  Zergling x10  
  157  15:58  Queen  
  157  15:59  Queen x2  
  157  16:02  Queen  
  165  16:06  Mutalisk x4  
  173  16:11  Zergling x6  
  173  16:12  Zergling x16  
  164  16:55  Mutalisk  
  164  16:56  Mutalisk x5  
  164  16:59  Zergling x2  
  164  17:00  Zergling x14  
  184  17:02  Overlord x2  
  184  17:05  Overlord  
  184  17:20  Drone x6  
  190  17:31  Overseer  
  190  17:33  Overseer  
  190  17:34  Overseer x2  
  190  17:54  Mutalisk x4  
  198  18:01  Drone  
  198  18:02  Drone  
Tags
 
Add a new tag
Caveats
  • Supply blocks, unpowered buildings, or Contaminate may cause inaccurate times.
  • Supply counts are checked every 10 seconds.